AoeStats
← cheneysshotgun

Golden Pit

507828102Analyzed
1v1 RM · 13d ago on Sep 19, 2026· 38m 53s· 2 players
Game mode
Random Map
Map size
Tiny (2 player)
Population
200
Speed
Normal
Resources
Standard
Victory
Conquest
Starting age
Dark Age
Ending age
Imperial Age
RankedLock teamsTeams togetherTeam positionsShared explorationLock speedFull tech treeHidden civsTurbo modeCheats
Victory
Defeat
🇺🇸 Slavs · United States
1245
+15
🇷🇺 Chinese · Russia
1216
-15
IliaNikolaevich
0:32 Loom
10:02 Feudal Age
14:06 Castle Age
12:28 Horse Collar
12:43 Double-Bit Axe
23:33 Wheelbarrow
23:22 Fletching
28:27 Bodkin Arrow
28:32 Padded Archer Armor
29:18 Bow Saw
33:39 Imperial Age
32:15 Ballistics
33:49 Leather Archer Armor
34:20 Bracer
35:22 Chemistry
35:32 Ring Archer Armor
36:26 Stone Mining
36:27 Gold Mining
37:04 Conscription
37:51 Murder Holes
cheneysshotgun
6:31 Loom
9:49 Feudal Age
10:50 Double-Bit Axe
11:24 Horse Collar
21:21 Castle Age
20:11 Bloodlines
20:43 Forging
21:59 Scale Barding Armor
23:22 Bow Saw
24:11 Husbandry
25:07 Chain Barding Armor
26:06 Wheelbarrow
26:58 Heavy Plow
27:30 Light Cavalry
35:12 Imperial Age
32:46 Detinets
35:21 Ballistics
36:37 Iron Casting
37:13 Heavy Scorpion
38:10 Gold Mining
Connection lost

Rejoining the realm…

Still unreachable

The connection could not be restored.

Session expired

The server has moved on; the page needs a fresh start.